[Event "Late-Titled-Tuesday-Blitz-April-16-2024"]
[Site "Chess.com"]
[Date "2024.04.16"]
[Round "2"]
[White "semchik73"]
[Black "bipe137"]
[Result "0-1"]
[WhiteElo "2394"]
[BlackElo "2708"]
[TimeControl "180+1"]
[EndTime "14:16:25 PDT"]
[Termination "bipe137 won by resignation"]

1. Nf3 d5 2. c4 e6 3. d4 a6 4. e3 Nf6 5. Nc3 Be7 6. Bd3 dxc4 7. Bxc4 b5 8. Bd3 Bb7 9. O-O c5 10. Qe2 Nbd7 11. Rd1 Qc7 12. e4 cxd4 13. Nxd4 O-O 14. Bg5 Rfd8 15. Rac1 Qb6 16. e5 Qxd4 17. Bxh7+ Nxh7 18. Rxd4 Bxg5 19. f4 Be7 20. Rcd1 Nhf8 21. Ne4 Bd5 22.
Rxd5 exd5 23. Rxd5 Nb6 24. Rxd8 Rxd8 25. Qg4 Nc4 26. Nf6+ Bxf6 27. exf6 g6 28. Qh4 Ne6 29. g4 Nxf4 30. Qh6 Ne6 31. h4 Rd4 32. g5 Ne5 33. h5 Ng4 0-1

[Event "Late-Titled-Tuesday-Blitz-April-16-2024"]
[Site "Chess.com"]
[Date "2024.04.16"]
[Round "2"]
[White "h4parah5"]
[Black "Brown_Mamba24"]
[Result "1-0"]
[WhiteElo "3029"]
[BlackElo "2635"]
[TimeControl "180+1"]
[EndTime "14:16:26 PDT"]
[Termination "h4parah5 won by resignation"]

1. Nf3 c5 2. e4 g6 3. d4 cxd4 4.
Nxd4 Nc6 5. c4 Nf6 6. Nc3 d6 7.
f3 Nxd4 8. Qxd4 Bg7 9. Be3 O-O 10. Qd2 a5 11. Na4 Nd7 12. Be2 b6 13. h4 Nc5 14.
Nc3 h5 15. O-O-O Bb7 16. Kb1 Rc8 17. Bd4 Ne6 18. Bxg7 Kxg7 19. Qe3 Qc7 20. Nd5 Qc5 21.
Qc3+ f6 22. Nxe7 Nf4 23. Nxc8 Nxe2 24. Qd2 Ng3 25. Nxd6 Nxh1 26. Rxh1 Bc6 27. Rd1 Kh7 28. Qd4 Qb4 29. a3 Qa4 30. Ka2 Qc2 31. Qd2 Qxd2 32.
Rxd2 Rd8 33. b4 axb4 34. axb4 b5 35. Kb3 Kg8 36. Kc3 bxc4 37. b5 Bd7 38. Nxc4 Kf7 39.
Nb6 Ke6 40. Nxd7 Rxd7 41. Rxd7 Kxd7 42. f4 Kd6 43. Kd4 Kc7 44. e5 f5 45. e6 1-0

[Event "Late-Titled-Tuesday-Blitz-April-16-2024"]
[Site "Chess.com"]
[Date "2024.04.16"]
[Round "2"]
[White "szachmistrz2500"]
[Black "martinmena"]
[Result "0-1"]
[WhiteElo "2452"]
[BlackElo "2186"]
[TimeControl "180+1"]
[EndTime "14:16:26 PDT"]
[Termination "martinmena won by resignation"]

1. e4 c6 2. d3 d5 3. Nd2 e5 4.
Ngf3 Bd6 5. g3 Nf6 6. Bg2 O-O 7. O-O d4 8. Nc4 Qe7 9. a4 b5 10. Na3 bxa4 11. Nc4 Ba6 12. Nxd6 Qxd6 13. Rxa4 Bc8 14. b3 Bg4 15. h3 Bxf3 16. Qxf3 Nbd7 17. Ba3 c5 18.
Bc1 Nb6 19. Ra1 a5 20. Bg5 Nfd7 21. Qe2 f6 22. Bd2 a4 23. bxa4 Nxa4 24. h4 Rfb8 25. Bh3 c4 26. dxc4 Ndc5 27. Ra2 Nc3 28. Bxc3 Rxa2 29.
Be1 d3 30. Qd2 Rxc2 31. Qd1 Rbb2 32. Ba5 d2 33. Bg4 Rc1 34. Qf3 Rxf1+ 35. Kxf1 d1=Q+ 36. Kg2 Qxf3+ 0-1

[Event "Late-Titled-Tuesday-Blitz-April-16-2024"]
[Site "Chess.com"]
[Date "2024.04.16"]
[Round "2"]
[White "Denmark2015"]
[Black "Fandorine"]
[Result "0-1"]
[WhiteElo "2586"]
[BlackElo "2911"]
[TimeControl "180+1"]
[EndTime "14:16:27 PDT"]
[Termination "Fandorine won by checkmate"]

1. d4 Nf6 2. c4 e6 3. Nc3 Bb4 4.
e3 c5 5. Ne2 b6 6. a3 Ba5 7. Bd2 Bb7 8. Rb1 Na6 9. Ng3 O-O 10. Bd3 d5 11. cxd5 Bxc3 12. bxc3 exd5 13. O-O Re8 14. Qc2 h5 15. Rfe1 Rc8 16. Qa4 c4 17. Bf5 Rc7 18. f3 h4 19. Nh1 Bc8 20.
Bxc8 Qxc8 21. Nf2 Rce7 22. Re2 Qb7 23. Rbe1 Nc7 24. Qc2 Nb5 25. e4 dxe4 26. fxe4 h3 27. e5 Qxg2# 0-1

[Event "Late-Titled-Tuesday-Blitz-April-16-2024"]
[Site "Chess.com"]
[Date "2024.04.16"]
[Round "2"]
[White "ozates"]
[Black "Giantgoogachess"]
[Result "1-0"]
[WhiteElo "2524"]
[BlackElo "2312"]
[TimeControl "180+1"]
[EndTime "14:16:28 PDT"]
[Termination "ozates won by resignation"]

1. e4 c5 2. Nf3 e6 3. b3 b6 4. Bb2 Bb7 5. Nc3 Nf6 6. Bd3 Nc6 7.
O-O d6 8. a3 Be7 9. Re1 O-O 10.
e5 dxe5 11. Nxe5 Nxe5 12. Rxe5 Bd6 13. Rg5 h6 14. Rxg7+ Kxg7 15. Nd5 Bxh2+ 16. Kxh2 Qxd5 17. Qg4+ Qg5 18. Qh3 e5 19. Re1 Rfe8 20. Kg1 Qg4 21.
Qh2 e4 22. Bb5 Red8 23. Re3 Qf5 24. Qh4 Rd6 25. Qg3+ Qg4 26. Qxd6 1-0

[Event "Late-Titled-Tuesday-Blitz-April-16-2024"]
[Site "Chess.com"]
[Date "2024.04.16"]
[Round "2"]
[White "temus_galaktionov"]
[Black "DeArron_Fox"]
[Result "1-0"]
[WhiteElo "2866"]
[BlackElo "2560"]
[TimeControl "180+1"]
[EndTime "14:16:29 PDT"]
[Termination "temus_galaktionov won by resignation"]

1. d4 d5 2. c4 e6 3. Nf3 Nf6 4. Nc3 Be7 5. Bf4 O-O 6. e3 b6 7. Bd3 dxc4 8. Bxc4 Ba6 9. Bxa6 Nxa6 10. O-O c5 11. Qe2 Qc8 12. Rac1 Qb7 13. Nb5 Rfd8 14. a3 Rac8 15. h3 cxd4 16. Nfxd4 Nc5 17. Qf3 Nd5 18.
b4 Nxf4 19. Qxb7 Nxh3+ 20. gxh3 Nxb7 21. Nc6 Rxc6 22. Rxc6 Bf6 23. Rc7 Nd6 24. Nxd6 Rxd6 25. Rxa7 g6 26. Rc1 Rd3 27. Rcc7 Be5 28. Rxf7 Rd1+ 29. Kg2 Rd2 30. Rfe7 1-0

[Event "Late-Titled-Tuesday-Blitz-April-16-2024"]
[Site "Chess.com"]
[Date "2024.04.16"]
[Round "2"]
[White "SpeedofLight0"]
[Black "Aryan_Tamadon"]
[Result "1-0"]
[WhiteElo "3069"]
[BlackElo "2650"]
[TimeControl "180+1"]
[EndTime "14:16:32 PDT"]
[Termination "SpeedofLight0 won by checkmate"]

1. d4 Nf6 2. Nc3 d6 3. e4 Nbd7 4. Nf3 e5 5. Bc4 Be7 6. O-O O-O 7. Re1 c6 8. a4 a5 9. h3 Qc7 10. b3 Nb6 11. Bd3 Re8 12. Ne2 Nbd7 13. Ng3 Nf8 14.
Nf5 Bxf5 15. exf5 exd4 16. Nxd4 d5 17. Bb2 Bb4 18. Rxe8 Rxe8 19. Qf3 N8d7 20. Bf1 Ne4 21. Rd1 Ndf6 22. Bc1 Nc3 23. Rd3 Qe5 24. Bf4 Qe1 25.
Bd2 Qe5 26. Nxc6 bxc6 27. Bxc3 Bxc3 28. Rxc3 Qe1 29. Rxc6 Ne4 30. Qe3 Qa1 31. Qd3 d4 32. Qxe4 Rxe4 33. Rc8+ Re8 34. Rxe8# 1-0

[Event "Late-Titled-Tuesday-Blitz-April-16-2024"]
[Site "Chess.com"]
[Date "2024.04.16"]
[Round "2"]
[White "1g60-1"]
[Black "aa175"]
[Result "0-1"]
[WhiteElo "2431"]
[BlackElo "2747"]
[TimeControl "180+1"]
[EndTime "14:16:33 PDT"]
[Termination "aa175 won by resignation"]

1. e4 e5 2. Nf3 Nf6 3. Nxe5 d6 4. Nf3 Nxe4 5. d4 d5 6. Bd3 Bd6 7. c3 O-O 8. h3 Bf5 9. O-O c6 10. a4 a5 11. Na3 Nd7 12. Nc2 Bg6 13. Re1 f5 14. c4 f4 15. Nh2 Qh4 16. Rf1 Bh5 17. Be2 Bxe2 18. Qxe2 Ndf6 19. Nf3 Qh5 20. Qd3 Rae8 21.
Bd2 g5 22. Ne5 Bxe5 23. dxe5 Rxe5 24. Bc3 Nxc3 25. Qxc3 g4 26. cxd5 Nxd5 27. hxg4 Qxg4 28. Qh3 Qg6 29. Nd4 f3 30. Nxf3 Nf4 31. Nxe5 Nxh3+ 32. Kh1 Qh5 33. Nf3 Rxf3 34. gxf3 Nf4+ 0-1

[Event "Late-Titled-Tuesday-Blitz-April-16-2024"]
[Site "Chess.com"]
[Date "2024.04.16"]
[Round "2"]
[White "SHIVACalypso"]
[Black "Fradi82"]
[Result "0-1"]
[WhiteElo "2447"]
[BlackElo "2179"]
[TimeControl "180+1"]
[EndTime "14:16:34 PDT"]
[Termination "Fradi82 won by resignation"]

1. Nf3 c5 2. c4 Nc6 3. g3 g6 4.
Bg2 Bg7 5. O-O e6 6. Nc3 Nge7 7. d3 O-O 8. e4 d6 9. Be3 a6 10. d4 cxd4 11. Nxd4 Qc7 12. Rc1 Bd7 13. Nd5 exd5 14. cxd5 Rac8 15. dxc6 Nxc6 16. Nxc6 Bxc6 17. Qb3 Qe7 18. Qb4 Rfe8 19. Rfd1 Rcd8 20. Bb6 Rd7 21. f3 h5 22. Bd4 Bxd4+ 23. Rxd4 h4 24. Rcd1 hxg3 25.
hxg3 Qg5 26. Kf2 Red8 27. Rxd6 a5 28. Rxd7 Rxd7 29. Qb3 Qc5+ 30. Kf1 Bb5+ 31. Ke1 Rxd1+ 32. Qxd1 Qe3+ 0-1

[Event "Late-Titled-Tuesday-Blitz-April-16-2024"]
[Site "Chess.com"]
[Date "2024.04.16"]
[Round "2"]
[White "Shankland"]
[Black "Bykov_Egor"]
[Result "1-0"]
[WhiteElo "2885"]
[BlackElo "2582"]
[TimeControl "180+1"]
[EndTime "14:16:35 PDT"]
[Termination "Shankland won by resignation"]

1. d4 Nf6 2. c4 g6 3. Nc3 Bg7 4. e4 d6 5. Nf3 O-O 6. Be2 e5 7. Be3 Nc6 8. d5 Ne7 9. Nd2 Nd7 10. b4 f5 11. f3 f4 12. Bf2 g5 13. c5 Nf6 14.
Nc4 h5 15. h3 Ne8 16. Rc1 c6 17. cxd6 Nxd6 18. dxc6 Nf7 19. Qxd8 Rxd8 20. c7 Rd7 21.
Nb5 Nc6 22. O-O Bf8 23. a3 Re7 24. Rfd1 Be6 25. Bc5 Rd7 26. Rxd7 Bxd7 27. Rd1 Be6 28. Ncd6 a6 29. Nxf7 Kxf7 30. Nd6+ Bxd6 31. Bxd6 Rc8 32. Kf2 Kf6 33. Rc1 Nd4 34. Rc5 Nc6 35. Bxa6 Bd7 36. Bxb7 1-0

[Event "Late-Titled-Tuesday-Blitz-April-16-2024"]
[Site "Chess.com"]
[Date "2024.04.16"]
[Round "2"]
[White "lukas_111111"]
[Black "Kostukov_Alex"]
[Result "0-1"]
[WhiteElo "2686"]
[BlackElo "2307"]
[TimeControl "180+1"]
[EndTime "14:16:35 PDT"]
[Termination "Kostukov_Alex won by resignation"]

1. b3 g6 2. Bb2 Nf6 3. Bxf6 exf6 4. c4 Bg7 5. Nc3 f5 6. Rc1 O-O 7. g3 d6 8. Bg2 Nc6 9. e3 Bd7 10. Nge2 Rb8 11. d4 Re8 12. O-O h5 13. h4 b6 14.
Nd5 Ne7 15. Ndf4 c5 16. Nh3 Bc6 17. Bxc6 Nxc6 18. Nhf4 Bh6 19. Nd5 Bg7 20. Rc2 Ne7 21. Nef4 Nxd5 22. Nxd5 cxd4 23. exd4 Re4 24. Rd2 b5 25. f3 Re8 26. Kg2 bxc4 27. bxc4 Qa5 28. Re2 Kh7 29. Rfe1 Rxe2+ 30. Rxe2 Qa6 31. Qd3 Qa4 32. Qc2 Qxc2 33. Rxc2 Bxd4 34. Re2 Kg7 35. Rd2 Bc5 36. Nf4 a5 37. Nh3 a4 38. Re2 a3 39.
Re7 Rb2+ 40. Kf1 Kf8 41. Rc7 Rxa2 42. Ng5 Rf2+ 43. Ke1 a2 44. Rc8+ Ke7 45. Ra8 Rh2 0-1

[Event "Late-Titled-Tuesday-Blitz-April-16-2024"]
[Site "Chess.com"]
[Date "2024.04.16"]
[Round "2"]
[White "CaspiIsrael"]
[Black "cthulhuuu"]
[Result "0-1"]
[WhiteElo "2732"]
[BlackElo "2456"]
[TimeControl "180+1"]
[EndTime "14:16:36 PDT"]
[Termination "cthulhuuu won by checkmate"]

1. e4 d6 2. d4 Nf6 3. Nc3 c6 4.
f4 Qb6 5. e5 Nd5 6. Nxd5 cxd5 7. c3 Nc6 8. Bd3 g6 9. Nf3 Bg4 10. h3 Bxf3 11. Qxf3 e6 12. Qf2 Be7 13. O-O O-O 14. Be3 f5 15. exf6 Bxf6 16. Rae1 Rae8 17. Kh1 Qd8 18. Qf3 Kh8 19. Bc2 e5 20.
fxe5 dxe5 21. Bh6 Bg7 22. Bxg7+ Kxg7 23. Qg4 e4 24. Bb3 Ne7 25. Rxf8 Rxf8 26. Qe6 Rf6 27. Qe5 Qd6 28. Qxd6 Rxd6 29. g4 Rf6 30. Kg2 Rf3 31.
Bc2 g5 32. Bb3 Ng6 33. Bd1 Nf4+ 34. Kg1 Rg3+ 35. Kf2 Rg2+ 36. Ke3 Rxb2 37. Rh1 Ng2# 0-1

[Event "Late-Titled-Tuesday-Blitz-April-16-2024"]
[Site "Chess.com"]
[Date "2024.04.16"]
[Round "2"]
[White "Godzillator"]
[Black "ekurtz"]
[Result "0-1"]
[WhiteElo "2374"]
[BlackElo "2601"]
[TimeControl "180+1"]
[EndTime "14:16:40 PDT"]
[Termination "ekurtz won by resignation"]

1. c4 Nf6 2. Nc3 g6 3. d4 Bg7 4. e4 d6 5. Be2 O-O 6. Bg5 Nbd7 7. Qc1 c5 8. d5 Qa5 9. Bd2 a6 10. a4 Re8 11. f4 e6 12. Nf3 exd5 13. exd5 Qd8 14. O-O Nf8 15. Bd3 Bg4 16. Qc2 Rb8 17. h3 Bxf3 18. Rxf3 b6 19. f5 N8d7 20. fxg6 fxg6 21.
Bf1 Ne5 22. Rf2 Rf8 23. Re1 Qd7 24. Bf4 Nh5 25. Bxe5 Bxe5 26. Rxf8+ Rxf8 27. Ne4 Ng3 28. Nxg3 Bxg3 29. Re6 Qf7 30. Bd3 Be5 31. Qe2 Qf4 32. Rxe5 Qxe5 33. Qxe5 dxe5 34. b3 a5 35. Be4 Rf4 36.
Bf3 Rd4 37. Be2 Kf7 38. Kf2 Kf6 39. Ke3 e4 40. g3 Ke5 41. h4 h6 42. g4 g5 43. h5 Kf6 44. Bf1 Rd1 45. Bg2 Ke5 46.
Ke2 Rd3 47. d6 Rxd6 0-1

[Event "Late-Titled-Tuesday-Blitz-April-16-2024"]
[Site "Chess.com"]
[Date "2024.04.16"]
[Round "2"]
[White "MikaelyanArman"]
[Black "Yonousomodulo"]
[Result "1-0"]
[WhiteElo "2755"]
[BlackElo "2441"]
[TimeControl "180+1"]
[EndTime "14:16:41 PDT"]
[Termination "MikaelyanArman won by resignation"]

1. d4 Nf6 2. Nf3 d5 3. g3 e6 4. Bg2 Be7 5. O-O O-O 6. Bf4 b6 7. c4 Bb7 8. Ne5 Nbd7 9. Nc3 c6 10. e4 dxc4 11. Nxc4 Rc8 12. Nd6 Bxd6 13. Bxd6 Re8 14. e5 Nd5 15. Ne4 c5 16. dxc5 bxc5 17. Qg4 Qb6 18. Qh5 h6 19. Rac1 c4 20. Ba3 Ba6 21. Nd6 Rf8 22. Nxc8 Rxc8 23. Rfd1 c3 24. Bxd5 exd5 25. Rxc3 Rxc3 26. bxc3 Bc4 27. Qg4 Nxe5 28. Qc8+ Kh7 29. Qf5+ Ng6 30. Qxf7 Qa6 31. Bc5 Qxa2 32. Bd4 1-0

[Event "Late-Titled-Tuesday-Blitz-April-16-2024"]
[Site "Chess.com"]
[Date "2024.04.16"]
[Round "2"]
[White "oskariot"]
[Black "Vincefm"]
[Result "1-0"]
[WhiteElo "2737"]
[BlackElo "2388"]
[TimeControl "180+1"]
[EndTime "14:16:42 PDT"]
[Termination "oskariot won on time"]

1. e4 c6 2. d4 d5 3. Nd2 dxe4 4. Nxe4 Nf6 5. Nxf6+ exf6 6. Be2 Bd6 7. Bf3 O-O 8. Ne2 Re8 9. O-O Nd7 10. c4 Nf8 11. Nc3 Bc7 12. Be3 Qd6 13. g3 Bh3 14. Re1 Qd7 15.
d5 cxd5 16. Bxd5 Be5 17. Qb3 f5 18. Qxb7 Rab8 19. Qxd7 Nxd7 20. Bc6 Rxb2 21. Bxd7 Rd8 22. Bc1 Bxc3 23. Bxb2 Bxb2 24. Rad1 f4 25. Bxh3 1-0

[Event "Late-Titled-Tuesday-Blitz-April-16-2024"]
[Site "Chess.com"]
[Date "2024.04.16"]
[Round "2"]
[White "Kiborg95"]
[Black "emeli_chess"]
[Result "1-0"]
[WhiteElo "2852"]
[BlackElo "2458"]
[TimeControl "180+1"]
[EndTime "14:16:42 PDT"]
[Termination "Kiborg95 won by resignation"]

1. e4 e5 2. Nf3 Nc6 3. Bc4 Nf6 4.
d3 Be7 5. O-O O-O 6. Nc3 d6 7.
a4 a5 8. Ne2 Be6 9. Bxe6 fxe6 10. c3 Qd7 11. Ng3 Bd8 12. h3 Ne7 13. Qb3 c6 14. Ng5 d5 15. Re1 Bc7 16. Nf3 Ng6 17. Bg5 Bd6 18. d4 h6 19. Bxf6 gxf6 20. Rad1 exd4 21.
exd5 exd5 22. Nxd4 Bxg3 23. fxg3 Rae8 24. Rf1 Ne5 25. Qc2 Nc4 26. Nf5 Ne3 27. Nxe3 Rxe3 28. Kh2 Qh7 29. Qd2 Qe4 30. Rf4 Qe5 31. Rdf1 Kg7 32.
Qc2 Re2 33. Rg4+ Kh8 34. Qg6 1-0

[Event "Late-Titled-Tuesday-Blitz-April-16-2024"]
[Site "Chess.com"]
[Date "2024.04.16"]
[Round "2"]
[White "KorolDimitriy75"]
[Black "kleber2007"]
[Result "0-1"]
[WhiteElo "2310"]
[BlackElo "2523"]
[TimeControl "180+1"]
[EndTime "14:16:42 PDT"]
[Termination "kleber2007 won on time"]

1. d4 Nf6 2. c4 g6 3. Nc3 d5 4.
cxd5 Nxd5 5. e4 Nxc3 6. bxc3 Bg7 7. Nf3 c5 8. Rb1 O-O 9. Be2 Nc6 10. d5 Bxc3+ 11. Bd2 Bxd2+ 12. Qxd2 Na5 13. h4 Bg4 14. h5 Bxf3 15. gxf3 e5 16. hxg6 fxg6 17. d6 b6 18.
Qd5+ Kg7 19. Qxe5+ Qf6 20. Qh2 h5 21. Rd1 Nc6 22.
Qg3 Nd4 23. Rxh5 Rh8 24. Rxh8 Rxh8 25. Kf1 Rh1+ 26. Kg2 Nxe2 27. e5 Nf4+ 28. Qxf4 Qxf4 29. Rxh1 Qxe5 30. Rd1 Qg5+ 31. Kf1 Qd8 32. d7 Kf6 33. Kg2 Ke7 34. Kg3 Qxd7 35. Rxd7+ Kxd7 36. Kf4 Ke6 37. Ke4 c4 38. f4 b5 39. a3 a5 40. Kd4 Kf5 41. a4 bxa4 42. Kxc4 Kxf4 0-1

[Event "Late-Titled-Tuesday-Blitz-April-16-2024"]
[Site "Chess.com"]
[Date "2024.04.16"]
[Round "2"]
[White "KVAIDAN"]
[Black "nindjaxx8"]
[Result "0-1"]
[WhiteElo "2381"]
[BlackElo "2667"]
[TimeControl "180+1"]
[EndTime "14:16:43 PDT"]
[Termination "nindjaxx8 won by resignation"]

1. f4 d5 2. Nf3 Nf6 3. e3 Bf5 4.
Be2 e6 5. O-O Be7 6. b3 O-O 7.
Bb2 Nbd7 8. Ne5 Rc8 9. d3 h6 10. Nd2 c5 11. Bf3 b5 12. Qe2 Nb6 13. e4 dxe4 14. dxe4 Bh7 15. Rad1 Qe8 16. Nb1 c4 17.
Bd4 Bc5 18. c3 Bxd4+ 19. cxd4 Qe7 20. d5 exd5 21. exd5 Qc5+ 22. Kh1 Bxb1 23. Rxb1 Nbxd5 24. bxc4 Nc3 25. Qb2 Nxb1 26. Rxb1 bxc4 27. Rc1 c3 28. Qb3 Qe3 29. Qc2 Qxf4 30. Nd3 Qd2 31. Nb4 Qxc2 32.
Nxc2 Rfd8 33. h3 Rd2 34. Kh2 Nd5 35. Kg3 Kf8 36. h4 Rb8 37. Ne1 Rc8 38. Nc2 a5 39. a3 Nb6 40. Ne3 c2 41. Be4 Rc3 42. Kf3 Nc4 43. Rxc2 Rxe3+ 44. Kf4 Rd4 45. Rxc4 Rexe4+ 46. Kf3 Rxc4 0-1

[Event "Late-Titled-Tuesday-Blitz-April-16-2024"]
[Site "Chess.com"]
[Date "2024.04.16"]
[Round "2"]
[White "subham777"]
[Black "duone"]
[Result "1-0"]
[WhiteElo "2536"]
[BlackElo "2340"]
[TimeControl "180+1"]
[EndTime "14:16:43 PDT"]
[Termination "subham777 won by checkmate"]

1. e4 c5 2. Nf3 d6 3. d4 cxd4 4. Qxd4 Nf6 5. e5 Nc6 6. Bb5 Qa5+ 7. Nc3 Qxb5 8. Nxb5 Nxd4 9. Nbxd4 dxe5 10. Nxe5 e6 11.
Bg5 Bd6 12. Nc4 Bb8 13. O-O-O O-O 14. Bxf6 gxf6 15. Nb5 e5 16. Ncd6 Bxd6 17. Nxd6 Rb8 18. Nxc8 Rbxc8 19. Rd7 Rc4 20. Rxb7 a5 21. Rd1 Rfc8 22.
c3 a4 23. a3 R4c7 24. Rxc7 Rxc7 25. Rd8+ Kg7 26. Kc2 Rc4 27. Rb8 Rf4 28. f3 e4 29. Rb4 f5 30. Rxa4 Kg6 31. Rd4 exf3 32. gxf3 Rxf3 33. a4 Rf2+ 34. Rd2 Rf1 35. a5 f4 36. Rd1 Rf2+ 37. Kb3 Re2 38. a6 Re8 39. Kc4 Kg5 40. b4 f3 41. b5 Kf4 42. b6 f2 43.
b7 Kg4 44. Rf1 Kf3 45. a7 Re1 46. Rxf2+ Kxf2 47. b8=Q Re4+ 48. Kb3 Ra4 49. Kxa4 h5 50.
a8=Q h4 51. Qf4+ Ke2 52. Qaf3+ Ke1 53. Q4e3# 1-0

[Event "Late-Titled-Tuesday-Blitz-April-16-2024"]
[Site "Chess.com"]
[Date "2024.04.16"]
[Round "2"]
[White "trriinu"]
[Black "Lady_Nika"]
[Result "0-1"]
[WhiteElo "2253"]
[BlackElo "2501"]
[TimeControl "180+1"]
[EndTime "14:16:43 PDT"]
[Termination "Lady_Nika won by resignation"]

1. e4 c5 2. Nf3 e6 3. c3 d5 4. exd5 exd5 5. d4 cxd4 6. Nxd4 Nf6 7. Be2 Be7 8. O-O O-O 9. h3 Nc6 10. Be3 Bd7 11. Nd2 Rc8 12. N2f3 a6 13. Nxc6 Bxc6 14. Nd4 Bd7 15. Bd3 Bc5 16. Qf3 h6 17. Rad1 Qe7 18. Rfe1 Rfe8 19. Bd2 Qd6 20. Bf4 Qb6 21. Bxh6 gxh6 22.
Nf5 Bxf5 23. Qxf5 Bf8 24. g4 Bg7 25. g5 hxg5 26. Qxg5 Ne4 27. Qg2 Re6 28. Be2 Rg6 29. Bg4 f5 30. Rxd5 Nxf2 31. Qxf2 Qxf2+ 32. Kxf2 fxg4 33. hxg4 Rxg4 34. Re7 Rf8+ 35. Ke2 Rgf4 36. Rdd7 Rf2+ 37.
Kd3 R8f3+ 38. Kc4 b5+ 39. Kd5 Rf7 40. Rd8+ Kh7 41. Re4 Rd2+ 0-1

[Event "Late-Titled-Tuesday-Blitz-April-16-2024"]
[Site "Chess.com"]
[Date "2024.04.16"]
[Round "2"]
[White "BardArtem"]
[Black "laziestwin"]
[Result "1-0"]
[WhiteElo "2839"]
[BlackElo "2556"]
[TimeControl "180+1"]
[EndTime "14:16:49 PDT"]
[Termination "BardArtem won on time"]

1. e4 d6 2. d4 g6 3. Nc3 Bg7 4. h4 Nf6 5. Be2 h5 6. Bg5 Nbd7 7. Nf3 e5 8. dxe5 dxe5 9. Nxe5 Nxe5 10. Qxd8+ Kxd8 11. Nd5 c6 12. Nxf6 Kc7 13. f4 Nd7 14. e5 Bxf6 15.
exf6 Nc5 16. f5 Bxf5 17. Bf4+ Kc8 18. O-O-O Ne6 19. Bd6 Rd8 20. Rhf1 Be4 21. g4 hxg4 22.
Bxg4 Bd5 23. Be7 Rh8 24. Rxd5 cxd5 25. Bxe6+ fxe6 26. f7 Kd7 27. f8=Q Raxf8 28. Rxf8 Rh7 29. Bg5 e5 30. Rf6 Rg7 31. Kd2 Rg8 32. Kd3 1-0

[Event "Late-Titled-Tuesday-Blitz-April-16-2024"]
[Site "Chess.com"]
[Date "2024.04.16"]
[Round "2"]
[White "Romkachess"]
[Black "PNEPaul"]
[Result "1-0"]
[WhiteElo "2693"]
[BlackElo "1863"]
[TimeControl "180+1"]
[EndTime "14:16:50 PDT"]
[Termination "Romkachess won on time"]

1. e4 e5 2. d4 exd4 3. Qxd4 Nc6 4. Qe3 d6 5. Nc3 Nf6 6. Bd2 g6 7. O-O-O Bg7 8. h4 h6 9. Bc4 O-O 10. f3 a6 11. g4 b5 12. Bb3 b4 13. Nd5 Nxd5 14.
Bxd5 Bd7 15. h5 g5 16. c3 a5 17. Ne2 Ne5 18. Ng3 c6 19. Bb3 Be6 20. Nf5 Bxf5 21.
gxf5 c5 22. Bd5 c4 23. Be1 b3 24. a3 Rb8 25. f4 Nd7 26. Rg1 Nb6 27. fxg5 Nxd5 28.
Rxd5 1-0

[Event "Late-Titled-Tuesday-Blitz-April-16-2024"]
[Site "Chess.com"]
[Date "2024.04.16"]
[Round "2"]
[White "EddieMarsalla"]
[Black "ChessBrainiacOnTwitch"]
[Result "1-0"]
[WhiteElo "2572"]
[BlackElo "2827"]
[TimeControl "180+1"]
[EndTime "14:16:51 PDT"]
[Termination "EddieMarsalla won by resignation"]

1. d4 Nf6 2. Bf4 e6 3. e3 b6 4.
c3 Bb7 5. Nf3 Be7 6. Nbd2 O-O 7.
Bc4 d5 8. Bd3 c5 9. O-O Nbd7 10.
Qe2 Ne4 11. Ne5 Ndf6 12. f3 Nd6 13. h3 Rc8 14. Rad1 Nh5 15. Bh2 Bh4 16. f4 g6 17.
g4 Ng3 18. Bxg3 Bxg3 19. g5 f6 20. gxf6 Bh4 21. Qg4 Qxf6 22. Ndf3 cxd4 23. cxd4 Nc4 24. Bxc4 dxc4 25. Nxh4 c3 26. bxc3 Rxc3 27. Rde1 Rfc8 28. Nhf3 Rc2 29. Rf2 Be4 30. Ng5 Bf5 31. Qg2 h6 32. e4 Rxf2 33. Qxf2 hxg5 34. exf5 Qxf5 35. fxg5 Qxg5+ 36. Qg2 Qxg2+ 37. Kxg2 Rc2+ 38. Kg3 Kg7 39. Nf3 Kf6 40.
a4 Ra2 41. Rc1 Rxa4 42. Rc6 Kf5 43. Nh4+ Kg5 44. Rxe6 Rxd4 45. Nf3+ 1-0

[Event "Late-Titled-Tuesday-Blitz-April-16-2024"]
[Site "Chess.com"]
[Date "2024.04.16"]
[Round "2"]
[White "northridgehawk"]
[Black "GaiozNigalidze"]
[Result "0-1"]
[WhiteElo "2337"]
[BlackElo "2712"]
[TimeControl "180+1"]
[EndTime "14:16:51 PDT"]
[Termination "GaiozNigalidze won by checkmate"]

1. e4 c5 2. Nf3 d6 3. d4 cxd4 4.
Nxd4 Nf6 5. Nc3 a6 6. h3 g6 7. g4 Bg7 8. Be3 O-O 9. Bg2 Nbd7 10. O-O Qc7 11. Nd5 Nxd5 12. exd5 Nf6 13. a4 Bd7 14. b3 Rae8 15. a5 e5 16. dxe6 fxe6 17. c4 e5 18. Nc2 Bc6 19. Nb4 Bxg2 20. Kxg2 h5 21. g5 Nh7 22. Qd3 Qf7 23. Qe4 Qf5 24.
Qxf5 gxf5 25. h4 f4 26. Bb6 e4 27. Rad1 f3+ 28. Kh3 Be5 29. Rfe1 Rf4 30. Nd5 Rg4 31. Rg1 Rxg1 32. Rxg1 Nf8 33. Re1 Bg7 34. Bc7 Bd4 35. Kg3 Be5+ 36. Kh3 Bd4 37. Ne3 Bxe3 38. Rxe3 Re6 39.
Kg3 Ng6 40. Bb6 Kf7 41. Re1 Ne7 42. Rd1 Nf5+ 43. Kh3 e3 44. fxe3 Re4 45. Rd5 Rxh4# 0-1

[Event "Late-Titled-Tuesday-Blitz-April-16-2024"]
[Site "Chess.com"]
[Date "2024.04.16"]
[Round "2"]
[White "FairChess_on_YouTube"]
[Black "only_strong_moves"]
[Result "1/2-1/2"]
[WhiteElo "3096"]
[BlackElo "2668"]
[TimeControl "180+1"]
[EndTime "14:16:53 PDT"]
[Termination "Game drawn by repetition"]

1. d4 Nf6 2. c4 e6 3. Nc3 d5 4. cxd5 exd5 5. Bg5 c6 6. e3 a5 7. Bd3 Na6 8. Nge2 Bd6 9. h3 h6 10. Bh4 O-O 11. O-O Re8 12. a3 Nc7 13. Qc2 Ne6 14.
Rae1 Ng5 15. f4 Nxh3+ 16. gxh3 Rxe3 17. Bf5 Qe7 18. Bxc8 Rxc8 19. Qf5 Qd7 20. Qxd7 Nxd7 21. Bf2 Rxh3 22. Kg2 Rh5 23. Ng3 Rh4 24. Nf5 Rg4+ 25. Kh3 Rg6 26. Rg1 Bf8 27. Bh4 Rxg1 28. Rxg1 g6 29. Be7 Re8 30. Bxf8 Kxf8 31. Nxh6 Re3+ 32. Kh2 Rd3 33. Ne2 Rd2 34. Rg2 Nf6 35. f5 g5 36.
Kh3 Rd3+ 37. Rg3 Rd2 38. Rg2 Rd3+ 39. Kh2 Rd2 40. Kh3 1/2-1/2

[Event "Late-Titled-Tuesday-Blitz-April-16-2024"]
[Site "Chess.com"]
[Date "2024.04.16"]
[Round "2"]
[White "HansOnTwitch"]
[Black "Smoking_Crow"]
[Result "1-0"]
[WhiteElo "3165"]
[BlackElo "2687"]
[TimeControl "180+1"]
[EndTime "14:16:55 PDT"]
[Termination "HansOnTwitch won by resignation"]

1. e4 e5 2. Nf3 Nc6 3. Bc4 Nf6 4. d3 Bc5 5. c3 d6 6. O-O Bb6 7. h3 h6 8. Re1 O-O 9. a4 a6 10. Nbd2 Ne7 11. d4 Ng6 12. Bf1 c6 13. Nc4 Bc7 14. dxe5 dxe5 15. Qxd8 Rxd8 16. a5 Be6 17. g3 Rd7 18. Nfd2 Rad8 19. f3 Ne7 20.
Nb3 Rd1 21. Be3 Rxe1 22. Rxe1 Bc8 23. Nb6 Bxb6 24. axb6 Ng6 25. Kf2 Nf8 26. Na5 Ne6 27. Bc4 Ne8 28. Bxe6 fxe6 29. Nc4 Nd6 30. Nxe5 Nf7 31.
Nc4 Kf8 32. Bc5+ Ke8 33. f4 e5 34. f5 Rd3 35. h4 h5 36. Rg1 Nh6 37. Ke2 Rd7 38.
Nxe5 Rd8 39. Rf1 Ng4 40. Nxg4 hxg4 41. Rf4 Kf7 42. Rxg4 Re8 43. Kf3 Rd8 44. Bd4 Rg8 45. Rg6 Bd7 46. h5 Ke7 47. g4 1-0

[Event "Late-Titled-Tuesday-Blitz-April-16-2024"]
[Site "Chess.com"]
[Date "2024.04.16"]
[Round "2"]
[White "Nimrod_Veinberg"]
[Black "a-z30"]
[Result "1-0"]
[WhiteElo "2723"]
[BlackElo "2376"]
[TimeControl "180+1"]
[EndTime "14:16:58 PDT"]
[Termination "Nimrod_Veinberg won on time"]

1. e4 d6 2. d4 Nf6 3. Nc3 g6 4.
Nf3 Bg7 5. Be2 O-O 6. O-O Bg4 7. Be3 Nc6 8. d5 Bxf3 9. Bxf3 Ne5 10. Be2 c6 11. f4 Ned7 12. Qd2 cxd5 13. exd5 Qa5 14. Bd4 Nb6 15. Rad1 Nbxd5 16. Nxd5 Qxd5 17. c4 Qc6 18. b3 Ne4 19. Qe3 Bxd4 20. Rxd4 Nc5 21. f5 Nd7 22. Qxe7 Qc5 23. Qxd6 Qxd6 24. Rxd6 Ne5 25. f6 Rfd8 26.
Rfd1 Nc6 27. Bf3 Rxd6 28. Rxd6 Rd8 29. Rxd8+ Nxd8 30. Bd5 Kf8 31. Kf2 Ke8 32. Ke3 Kd7 33.
Kd4 b6 34. b4 g5 35. g4 h6 36. h3 Kd6 37. c5+ bxc5+ 38. bxc5+ Kc7 39. Ke5 Kd7 40. a3 Kc7 41. Kd4 Kd7 42. Kc4 Kc7 43. Kb5 Kb8 44.
Ka6 1-0